Workbook

Sheet Нормативы и РРЦ
A1: НОРМАТИВЫ И РРЦ
A2: Версия | B2: 46316 | F2: Внутренний справочник. Клиенту формулы не передаются.
A4: Клееный брус | B4: Клееный брус 200×280 мм, австрийский профиль | C4: ₽/м³ | D4: 64000 | F4: РРЦ эталона | G4: https://normabrus.ru/produktsiya/kleenyj-brus/
A5: Клееный брус | B5: Заводская обработка, изготовление деталей, сверловка, маркировка, упаковка и паллетирование | C5: ₽/м³ | D5: 8430 | F5: Утверждено 19.09.2026
A6: Клееный брус | B6: Сопутствующие материалы КБ — общий коэффициент | C6: % | D6: 0.1043 | F6: Сумма коэффициентов строк 7–14
A7: Материалы КБ | B7: Межвенцовый и чашечный утеплитель | C7: % цены КБ | D7: 0.012
A8: Материалы КБ | B8: Конструкционные саморезы | C8: % цены КБ | D8: 0.027
A9: Материалы КБ | B9: Нагели | C9: % цены КБ | D9: 0.01
A10: Материалы КБ | B10: Монтажный антисептик | C10: % цены КБ | D10: 0.012
A11: Материалы КБ | B11: Состав для обработки торцов типа Teknol JRM | C11: % цены КБ | D11: 0.0075
A12: Материалы КБ | B12: Усадочные домкраты и крепеж | C12: % цены КБ | D12: 0.009
A13: Материалы КБ | B13: Подкладная доска | C13: % цены КБ | D13: 0.0085
A14: Материалы КБ | B14: Клееная обсада и крепеж скользящих узлов | C14: % цены КБ | D14: 0.0183
A15: Дерево | B15: Клееные конструкционные балки и столбы по проекту | C15: ₽/м³ | D15: 75000 | F15: Утверждено 19.09.2026
A16: Дерево | B16: Сухой строганый/калиброванный пиломатериал A/B | C16: ₽/м³ | D16: 47000 | F16: Утверждено 19.09.2026
A17: Логистика | B17: Доставка домокомплекта | C17: ₽/машина | D17: 118000 | F17: Норматив загрузки 37 м³
A18: Логистика | B18: Загрузка машины домокомплекта | C18: м³/машина | D18: 37
A19: Логистика | B19: Разгрузка манипулятором, размещение, приемка | C19: ₽/смена | D19: 65000 | F19: 1 смена на 3 машины
A20: Логистика | B20: Машин на 1 смену манипулятора | C20: шт | D20: 3
A21: Механизация | B21: Кран для сборки деревянного конструктива | C21: ₽/смена | D21: 42000
A22: Механизация | B22: Объем конструктива на смену крана | C22: м³/смена | D22: 8
A23: Механизация | B23: Дополнительная резервная смена крана | C23: смена | D23: 1
A24: Кровля | B24: Монтаж стропильной системы и кровельного покрытия с устройством конструктивных узлов | C24: ₽/м² | D24: 5900 | F24: Утверждено 19.09.2026
A25: Кровля | B25: Крепеж, скотчи и расходные материалы | C25: ₽/м² | D25: 650 | F25: Норматив от площади кровли
A26: Кровля | B26: Металлическая водосточная система и снегозадержание | C26: ₽/м² | D26: 1600 | F26: Норматив от площади кровли
A27: Кровля | B27: Доставка кровельных материалов | C27: ₽/м² | D27: 450 | F27: Норматив от площади кровли
A28: Стройплощадка | B28: Аренда, монтаж и демонтаж строительных лесов | C28: ₽/м² наружных стен | D28: 650
A29: Утепление | B29: Rockwool Light Batts, уп. 0,3 м³ | C29: ₽/уп. | D29: 2070 | F29: ~5% ниже открытого РРЦ | G29: https://petrovich.ru/product/106938/
A30: Кровля | B30: Диффузионная мембрана DELTA-XX PLUS UNIVERSA, 75 м² | C30: ₽/шт | D30: 18450 | F30: Без изменения
A31: Кровля | B31: ЦПЧ Braas с доборными элементами | C31: ₽/м² | D31: 4850 | F31: Без изменения
A32: Кровля | B32: Пароизоляционная мембрана Delta Dawi 200 | C32: ₽/шт | D32: 7500 | F32: Без изменения
A33: Дерево | B33: Доска для подшивки свесов и наличников | C33: ₽/м³ | D33: 50000 | F33: Без изменения
A34: Отделка | B34: Лакокрасочные материалы фасада и декора | C34: ₽/л | D34: 2250 | F34: Без изменения
A35: Окна | B35: Комплект ПВХ Rehau Inteleo 80, мультипакет | C35: ₽/м² остекления | D35: 38000 | F35: Внутренний расчет комплекта
A36: Стройплощадка | B36: Организация бытовки, туалета, ограждения, временной электрики, вывоз мусора | C36: ₽/объект | D36: 225400 | F36: Утверждено 19.09.2026
A37: Проектирование | B37: Проектирование фундамента | C37: ₽/м² | D37: 900 | F37: База: теплый контур + террасы с фундаментом
A38: Проектирование | B38: Проект деревянных конструкций | C38: ₽/м² | D38: 1200 | F38: База: дом + крытые террасы
A39: Фундамент | B39: Песок с доставкой | C39: ₽/м³ | D39: 1300 | F39: Утверждено 19.09.2026
A40: Фундамент | B40: Бетон B25 F150 W6 | C40: ₽/м³ | D40: 6400 | F40: Материал отдельно от доставки | G40: https://spb.betongu.ru/price
A41: Фундамент | B41: Доставка бетона | C41: ₽/м³ | D41: 900 | F41: Утверждено 19.09.2026
A42: Фундамент | B42: Арматура А500С D08–12 | C42: ₽/т | D42: 72500 | F42: Около 5% ниже открытого РРЦ | G42: https://spb.mcena.ru/metalloprokat/armatura/a500s-gost-r-52544_dinamica
A43: Дренаж | B43: Комплект дренажной системы d110 на 100 м.п. | C43: ₽/компл | D43: 43500 | F43: Труба, углы, фитинги, смотровые/ревизионные колодцы
A44: Фундамент | B44: Геотекстиль 250 г/м², 3×50 м | C44: ₽/рулон | D44: 12000 | F44: Без изменения
A45: Фундамент | B45: Комплект материалов опалубки | C45: ₽/компл | D45: 45900 | F45: 1 комплект на каждые 60 м³ бетона
A46: Фундамент | B46: Гидроизоляционный материал под деревянные конструкции | C46: ₽/м³ КБ | D46: 450 | F46: Норматив от объема КБ
A47: Фундамент | B47: Расходные материалы и амортизация инструмента | C47: ₽/м³ бетона | D47: 900 | F47: Утверждено 19.09.2026
A48: Фундамент | B48: Щебень 20–40 мм с доставкой | C48: ₽/м³ | D48: 2600 | F48: Утверждено 19.09.2026
A49: Фундамент | B49: Доставка остальных материалов фундамента | C49: ₽/м³ бетона | D49: 1500 | F49: Вместо процента от стоимости
A50: Механизация | B50: Трактор / экскаватор | C50: ₽/смена | D50: 35000 | F50: Без изменения
A51: Механизация | B51: Бетононасос | C51: ₽/смена | D51: 33000 | F51: Без изменения
A52: Фундамент | B52: XPS 100 мм | C52: ₽/лист | D52: 699 | F52: Без изменения
A53: Фундамент | B53: Монтаж XPS | C53: ₽/лист | D53: 250 | F53: Без изменения
A54: Фундамент | B54: Геодезист | C54: ₽/выезд | D54: 18000 | F54: 3 выезда в базе
A55: Фундамент | B55: Работа с песком и щебнем | C55: ₽/м³ | D55: 600 | F55: Послойная трамбовка и финишное выравнивание
A56: Фундаментные работы | B56: Устройство и демонтаж опалубки | C56: ₽/м³ бетона | D56: 4000
A57: Фундаментные работы | B57: Вязка и монтаж арматурного каркаса | C57: ₽/м³ бетона | D57: 5000
A58: Фундаментные работы | B58: Приемка, укладка и вибрирование бетона | C58: ₽/м³ бетона | D58: 3500
A59: Фундаментные работы | B59: Ребра, локальные усиления и столбики | C59: ₽/м³ бетона | D59: 3000
A60: Фундаментные работы | B60: Нивелировка, финишная обработка и сопутствующие монолитные работы | C60: ₽/м³ бетона | D60: 2500 | F60: Итого комплекс 18 000 ₽/м³
A61: Фундамент | B61: Монтаж гидроизоляции | C61: ₽/смена | D61: 35000 | F61: Без изменения
A62: НВК | B62: Прокладка уклонных наружных коммуникаций | C62: ₽/м.п. | D62: 1800 | F62: Дренаж и/или канализация
A63: Логистика | B63: Транспортные расходы строительной бригады | C63: ₽/мес | D63: 35000
A64: Логистика | B64: Оптимальная коммерческая выработка бригады | C64: ₽ работ/мес | D64: 1200000 | F64: Основа расчета продолжительности
A65: Кровля | B65: Утепление кровли 300 мм — работа | C65: ₽/м² | D65: 1200 | F65: Без изменения
A66: Кровля | B66: Монтаж пароизоляции, контробрешетки и обрешетки | C66: ₽/м² | D66: 1200 | F66: Без изменения
A67: Окна | B67: Монтаж оконных и дверных изделий — комплекс работ | C67: ₽/м² | D67: 9500 | F67: Разнос; монтаж; запенивание; утепление и ленты в усадочном зазоре; СТИЗ; внешняя мембрана
A68: Кровля | B68: Отделка карнизов и свесов | C68: ₽/м² | D68: 1950 | F68: Без изменения
A69: Фасад | B69: Покраска фасада: двойная шлифовка, грунт, краска | C69: ₽/м² | D69: 1650 | F69: Без изменения
A70: Работы КБ | B70: Базовый монтаж стенового комплекта | C70: ₽/м³ КБ | D70: 9500
A71: Работы КБ | B71: Утепление чаш | C71: ₽/м³ КБ | D71: 900
A72: Работы КБ | B72: Монтаж межвенцового утепления | C72: ₽/м³ КБ | D72: 700
A73: Работы КБ | B73: Протяжка бруса конструкционными саморезами | C73: ₽/м³ КБ | D73: 1600
A74: Работы КБ | B74: Монтаж нагелей для осевой устойчивости | C74: ₽/м³ КБ | D74: 800
A75: Работы КБ | B75: Антисептирование наружных стен на период монтажа | C75: ₽/м³ КБ | D75: 1100
A76: Работы КБ | B76: Обработка торцов составом типа Teknol JRM | C76: ₽/м³ КБ | D76: 700
A77: Работы КБ | B77: Монтаж усадочных домкратов | C77: ₽/м³ КБ | D77: 500
A78: Работы КБ | B78: Монтаж фахверковых и несущих столбов | C78: ₽/м³ КБ | D78: 1200
A79: Работы КБ | B79: Монтаж подкладной доски | C79: ₽/м³ КБ | D79: 500
A80: Работы КБ | B80: Монтаж клееной обсады на скользящих креплениях | C80: ₽/м³ КБ | D80: 1500
A81: Работы КБ | B81: Подрезка фронтонов, оконных и дверных проемов | C81: ₽/м³ КБ | D81: 500 | F81: Совокупно работы КБ = 19 500 ₽/м³

Sheet Параметры для расчета
A1: ПАРАМЕТРЫ ДЛЯ РАСЧЕТА
A2: Версия | B2: 46316
A4: Площадь наружных стен | C4: м² | D4: 52.1 | E4: 4.8 | F4: 2.86
A5: Площадь внутренних брусовых стен | C5: м² | D5: 9.8
A6: Площадь кровли | C6: м²
A7: Площадь утепления кровли | C7: м²
A8: Площадь перекрытия | C8: м²
A9: Площадь по полу теплового контура | C9: м²
A10: Площадь фундамента | C10: м²
A11: Площадь открытых террас / балконов | C11: м²
A12: Площадь крытых террас / балконов | C12: м²
A13: Площадь осевая | C13: м²
A14: Площадь застройки | C14: м²
A15: Площадь остекления | C15: м²
A16: Периметр внешний осевой | C16: м.п.
A17: Количество заливок бетона | C17: шт
... A25: Толщина утепления кровли | C25: м
A27: РАСЧЕТНЫЕ ПАРАМЕТРЫ
A28: Площадь общая | B28: =B9+B11+B12 -> 0 | C28: м²
A29: Приведенная площадь | B29: =B9+B11*0.3+B12*0.6 -> 0 | C29: м²
A30: Расчетный общий объем КБ | B30: =IF(B18>0,B18,ROUNDUP((B4+B5)*B22,1)) -> 0 | C30: м³
A31: Расчетный объем наружного КБ | B31: =IF(B19>0,B30-B19,IF(B4>0,B4*B22,B30)) -> 0 | C31: м³
A32: Расчетная площадь наружной покраски | B32: =IF(B4>0,B4,B31/B22) -> #DIV/0! | C32: м²
A33: База проектирования фундамента | B33: =B9+B11+B12 -> 0 | C33: м²
A34: База проекта деревянных конструкций | B34: =B9+B12 -> 0 | C34: м²
A35: Объем бетона | B35: =ROUNDUP(B10*0.3*1.07,0) -> 0 | C35: м³
A36: Объем песка | B36: =ROUNDUP(B14*0.4*1.25,-1) -> 0 | C36: м³
A37: Объем щебня | B37: =ROUNDUP(B14*0.2*1.3,-1) -> 0 | C37: м³
A38: Арматура | B38: =B10*20*0.95*1.3/1000 -> 0 | C38: т
A39: Комплекты дренажа по 100 м.п. | B39: =IF(B20="Да",ROUNDUP(B16*1.1/100,0),0) -> 0 | C39: компл
A40: Длина уклонных коммуникаций | B40: =B16*1.3 -> 0 | C40: м.п.
A41: Геотекстиль 3×50 м | B41: =ROUNDUP((B14/150+B10/150)*1.1,0) -> 0 | C41: рулон
A42: Комплекты опалубки | B42: =ROUNDUP(B35/60,0) -> 0 | C42: компл
A43: XPS 100 мм | B43: =ROUNDUP(B16/0.6*2*1.05,0) -> 0 | C43: лист
A44: Трактор / экскаватор | B44: =ROUNDUP((B36+B37)/40,0)*1.6 -> 0 | C44: смена
A45: Бетононасос | B45: =B17+(ROUNDUP(B35/80,0)-1) -> -1 | C45: смена
A46: Расчетная площадь кровельных материалов | B46: =B6*1.05 -> 0 | C46: м²
A47: Упаковки Rockwool 0,3 м³ | B47: =ROUNDUP(B7*B25/0.3,0) -> 0 | C47: уп.
A48: Рулоны диффузионной мембраны 75 м² | B48: =ROUNDUP(B6/75*1.1,0) -> 0 | C48: шт
A49: Рулоны пароизоляции 75 м² | B49: =ROUNDUP(B7/75,0) -> 0 | C49: шт
A50: Объем доски на свесы/наличники | B50: =(B46-B7)*0.02*1.5 -> 0 | C50: м³
A51: ЛКМ фасада и декора | B51: =ROUNDUP((B32+B46-B7)/4.7,0) -> #DIV/0! | C51: л
A52: Объем КДК вне стен (стропила + конструкционный КБ) | B52: 0 | C52: м³
A53: Объем сухой доски и бруска | B53: =B52/1.3 -> 0 | C53: м³
A54: Машины домокомплекта | B54: =ROUNDUP((B30+B52)/37,0) -> 0 | C54: шт
A55: Смены манипулятора | B55: =ROUNDUP(B54/3,0) -> 0 | C55: смена
A56: Смены крана | B56: =ROUNDUP((B30+B52)/8,0)+1 -> 1 | C56: смена

Sheet Клееный Брус 200 280
A3: СМЕТНЫЙ РАСЧЕТ
A5: Дата: | B5: 46316
A6: Клееный брус ширина, мм | B6: 200
A7: Клееный брус высота, мм | B7: 280 (270 эффективная)
A8: Площадь 0,3 (терраса или балкон) | B8: ='Параметры для расчета'!B11 -> 0
A9: Площадь 0,6 (терраса или балкон под кровлей) | B9: ='Параметры для расчета'!B12 -> 0
A10: Площадь по полу теплового контура | B10: ='Параметры для расчета'!B9 -> 0
A11: Приведенная площадь | B11: ='Параметры для расчета'!B29 -> 0
A12: Цена за м² приведенной площади | B12: =B16/B11 -> #DIV/0!
A13: Площадь общая | B13: ='Параметры для расчета'!B28 -> 0
A15: Заказчик:
A16: Сметная стоимость | B16: =E20+E24+E56+E74+E91 -> #DIV/0!
B18: * не включено строительство заезда
A19: Наименование работ и ресурсов | B19: Кол-во | C19: Ед.изм | D19: Цена, руб. | E19: Стоимость, руб.
A20: Проектные работы | E20: =E21 -> 0
A21: 1. Проектирование | E21: =SUM(E22:E23) -> 0
A22: Проектирование фундамента | B22: ='Параметры для расчета'!B33 -> 0 | C22: м² | D22: ='Нормативы и РРЦ'!D37 -> 900 | E22: =B22*D22 -> 0
A23: Проект деревянных конструкций на стены, перекрытие и кровлю | B23: ='Параметры для расчета'!B34 -> 0 | C23: м² | D23: ='Нормативы и РРЦ'!D38 -> 1200 | E23: =B23*D23 -> 0
A24: Фундамент (утепленная плита 300 мм, двойное армирование; лента под террасы 300×600 мм) | E24: =E25+E42 -> 59500
A25: 2. Фундамент — материалы | E25: =SUM(E26:E41) -> -29500
A26: Песок для подушки и обратной засыпки с доставкой | B26: ='Параметры для расчета'!B36 -> 0 | C26: м³ | D26: ='Нормативы и РРЦ'!D39 -> 1300 | E26: =B26*D26 -> 0
A27: Бетон B25 F150 W6 | B27: ='Параметры для расчета'!B35 -> 0 | C27: м³ | D27: ='Нормативы и РРЦ'!D40 -> 6400 | E27: =B27*D27 -> 0
A28: Доставка бетона | B28: ='Параметры для расчета'!B35 -> 0 | C28: м³ | D28: ='Нормативы и РРЦ'!D41 -> 900 | E28: =B28*D28 -> 0
A29: Арматура А500С D08–12 | B29: ='Параметры для расчета'!B38 -> 0 | C29: т | D29: ='Нормативы и РРЦ'!D42 -> 72500 | E29: =B29*D29 -> 0
A30: Комплект дренажной системы d110 на 100 м.п.: труба, углы, фитинги, ревизионные/смотровые колодцы | B30: ='Параметры для расчета'!B39 -> 0 | C30: компл | D30: ='Нормативы и РРЦ'!D43 -> 43500 | E30: =B30*D30 -> 0
A31: Геотекстиль 250 г/м², 3×50 м | B31: ='Параметры для расчета'!B41 -> 0 | C31: рулон | D31: ='Нормативы и РРЦ'!D44 -> 12000 | E31: =B31*D31 -> 0
A32: Материалы на опалубку: доска/щитовой материал, брусок, крепеж, раскосы | B32: ='Параметры для расчета'!B42 -> 0 | C32: компл | D32: ='Нормативы и РРЦ'!D45 -> 45900 | E32: =B32*D32 -> 0
A33: Комплект закладных инженерных коммуникаций в фундаменте: вода, электрика, канализация, гильзы и фитинги | B33: =ROUNDUP('Параметры для расчета'!B33/300,0) -> 0 | C33: компл | D33: =67000 -> 67000 | E33: =B33*D33 -> 0
A34: XPS 100 мм: утепление плиты, вертикального торца и зоны отмостки | B34: ='Параметры для расчета'!B43 -> 0 | C34: лист | D34: ='Нормативы и РРЦ'!D52 -> 699 | E34: =B34*D34 -> 0
A35: Гидроизоляционный материал под подкладную доску / деревянные конструкции | B35: ='Параметры для расчета'!B30 -> 0 | C35: м³ КБ | D35: ='Нормативы и РРЦ'!D46 -> 450 | E35: =B35*D35 -> 0
A36: Расходные материалы и амортизация инструмента | B36: ='Параметры для расчета'!B35 -> 0 | C36: м³ бетона | D36: ='Нормативы и РРЦ'!D47 -> 900 | E36: =B36*D36 -> 0
A37: Аренда трактора / экскаватора | B37: ='Параметры для расчета'!B44 -> 0 | C37: смена | D37: ='Нормативы и РРЦ'!D50 -> 35000 | E37: =B37*D37 -> 0
A38: Аренда бетононасоса | B38: ='Параметры для расчета'!B45 -> -1 | C38: смена | D38: ='Нормативы и РРЦ'!D51 -> 33000 | E38: =B38*D38 -> -33000
A39: Щебень 20–40 мм с доставкой | B39: ='Параметры для расчета'!B37 -> 0 | C39: м³ | D39: ='Нормативы и РРЦ'!D48 -> 2600 | E39: =B39*D39 -> 0
A40: Доставка остальных материалов фундамента | B40: ='Параметры для расчета'!B35 -> 0 | C40: м³ бетона | D40: ='Нормативы и РРЦ'!D49 -> 1500 | E40: =B40*D40 -> 0
A41: Накладные и транспортные расходы фундаментной бригады | B41: =ROUNDUP(E42/'Нормативы и РРЦ'!D64,1) -> 0.1 | C41: месяц | D41: ='Нормативы и РРЦ'!D63 -> 35000 | E41: =B41*D41 -> 3500
A42: 3. Фундамент — работы | E42: =E43+E46+E53 -> 89000
A43: 3.1 Земляные работы | E43: =SUM(E44:E45) -> 54000
A44: Измерения и расстановка осей геодезистом | B44: =3 -> 3 | C44: выезд | D44: ='Нормативы и РРЦ'!D54 -> 18000 | E44: =B44*D44 -> 54000
A45: Работа с песком и щебнем: послойная трамбовка, финишное выравнивание | B45: ='Параметры для расчета'!B36+'Параметры для расчета'!B37 -> 0 | C45: м³ | D45: ='Нормативы и РРЦ'!D55 -> 600 | E45: =B45*D45 -> 0
A46: 3.2 Монолитные работы | E46: =SUM(E47:E52) -> 0
A47: Устройство и демонтаж опалубки | B47: ='Параметры для расчета'!B35 -> 0 | C47: м³ бетона | D47: ='Нормативы и РРЦ'!D56 -> 4000 | E47: =B47*D47 -> 0
A48: Вязка и монтаж арматурного каркаса | B48: ='Параметры для расчета'!B35 -> 0 | C48: м³ бетона | D48: ='Нормативы и РРЦ'!D57 -> 5000 | E48: =B48*D48 -> 0
A49: Приемка, укладка и вибрирование бетона | B49: ='Параметры для расчета'!B35 -> 0 | C49: м³ бетона | D49: ='Нормативы и РРЦ'!D58 -> 3500 | E49: =B49*D49 -> 0
A50: Устройство ребер, локальных усилений и столбиков | B50: ='Параметры для расчета'!B35 -> 0 | C50: м³ бетона | D50: ='Нормативы и РРЦ'!D59 -> 3000 | E50: =B50*D50 -> 0
A51: Нивелировка, финишная обработка и сопутствующие монолитные работы | B51: ='Параметры для расчета'!B35 -> 0 | C51: м³ бетона | D51: ='Нормативы и РРЦ'!D60 -> 2500 | E51: =B51*D51 -> 0
A52: Утепление фундамента XPS 100 мм | B52: ='Параметры для расчета'!B43 -> 0 | C52: лист | D52: ='Нормативы и РРЦ'!D53 -> 250 | E52: =B52*D52 -> 0
A53: 3.3 Завершение фундаментных работ | E53: =SUM(E54:E55) -> 35000
A54: Монтаж гидроизоляции | B54: =1 -> 1 | C54: смена | D54: ='Нормативы и РРЦ'!D61 -> 35000 | E54: =B54*D54 -> 35000
A55: Прокладка уклонных наружных коммуникаций: дренаж и/или канализация, траншеи, уклоны, укладка труб, обратная засыпка | B55: ='Параметры для расчета'!B40 -> 0 | C55: м.п. | D55: ='Нормативы и РРЦ'!D62 -> 1800 | E55: =B55*D55 -> 0
A56: Комплект конструктива дома | E56: =E57+E67+E71 -> 0
A57: 4. Материалы деревянные для стен | E57: =SUM(E58:E66) -> 0
A58: Клееный брус 200×280 мм, эффективная высота венца 270 мм, австрийский профиль | B58: ='Параметры для расчета'!B30 -> 0 | C58: м³ | D58: ='Нормативы и РРЦ'!D4 -> 64000 | E58: =B58*D58 -> 0
A59: Межвенцовый и чашечный утеплитель | B59: ='Параметры для расчета'!B30 -> 0 | C59: м³ КБ | D59: ='Нормативы и РРЦ'!D4*'Нормативы и РРЦ'!D7 -> 768 | E59: =B59*D59 -> 0
A60: Конструкционные саморезы | B60: ='Параметры для расчета'!B30 -> 0 | C60: м³ КБ | D60: ='Нормативы и РРЦ'!D4*'Нормативы и РРЦ'!D8 -> 1728 | E60: =B60*D60 -> 0
A61: Нагели | B61: ='Параметры для расчета'!B30 -> 0 | C61: м³ КБ | D61: ='Нормативы и РРЦ'!D4*'Нормативы и РРЦ'!D9 -> 640 | E61: =B61*D61 -> 0
A62: Монтажный антисептик | B62: ='Параметры для расчета'!B30 -> 0 | C62: м³ КБ | D62: ='Нормативы и РРЦ'!D4*'Нормативы и РРЦ'!D10 -> 768 | E62: =B62*D62 -> 0
A63: Состав для обработки торцов типа Teknol JRM | B63: ='Параметры для расчета'!B30 -> 0 | C63: м³ КБ | D63: ='Нормативы и РРЦ'!D4*'Нормативы и РРЦ'!D11 -> 480 | E63: =B63*D63 -> 0
A64: Усадочные домкраты и крепеж | B64: ='Параметры для расчета'!B30 -> 0 | C64: м³ КБ | D64: ='Нормативы и РРЦ'!D4*'Нормативы и РРЦ'!D12 -> 576 | E64: =B64*D64 -> 0
A65: Подкладная доска | B65: ='Параметры для расчета'!B30 -> 0 | C65: м³ КБ | D65: ='Нормативы и РРЦ'!D4*'Нормативы и РРЦ'!D13 -> 544 | E65: =B65*D65 -> 0
A66: Клееная обсада и крепеж скользящих узлов | B66: ='Параметры для расчета'!B30 -> 0 | C66: м³ КБ | D66: ='Нормативы и РРЦ'!D4*'Нормативы и РРЦ'!D14 -> 1171.2 | E66: =B66*D66 -> 0
A67: 4.1 Заводская обработка и логистика домокомплекта | E67: =SUM(E68:E70) -> 0
A68: Заводская обработка и изготовление деталей: нарезка по проекту, соединения, сверловка, маркировка, упаковка и паллетирование | B68: ='Параметры для расчета'!B30 -> 0 | C68: м³ | D68: ='Нормативы и РРЦ'!D5 -> 8430 | E68: =B68*D68 -> 0
A69: Доставка комплекта дома | B69: ='Параметры для расчета'!B54 -> 0 | C69: машина | D69: ='Нормативы и РРЦ'!D17 -> 118000 | E69: =B69*D69 -> 0
A70: Разгрузка манипулятором, размещение материала на участке и приемка домокомплекта | B70: ='Параметры для расчета'!B55 -> 0 | C70: смена | D70: ='Нормативы и РРЦ'!D19 -> 65000 | E70: =B70*D70 -> 0
A71: 4.2 Стропильная система | E71: =SUM(E72:E73) -> 0
A72: Клееные конструкционные балки и столбы по проекту, заводское изготовление | B72: ='Параметры для расчета'!B52 -> 0 | C72: м³ | D72: ='Нормативы и РРЦ'!D15 -> 75000 | E72: =B72*D72 -> 0
A73: Сухой пиломатериал камерной сушки, строганый/калиброванный, сорт A/B | B73: ='Параметры для расчета'!B53 -> 0 | C73: м³ | D73: ='Нормативы и РРЦ'!D16 -> 47000 | E73: =B73*D73 -> 0
A74: Тепловой контур — материалы, комплектуемые в СПб | E74: =E75+E84+E86 -> #DIV/0!
A75: 6.1 Кровельные и изоляционные материалы | E75: =SUM(E76:E83) -> #DIV/0!
A76: Диффузионная мембрана DELTA-XX PLUS UNIVERSA, 75 м² | B76: ='Параметры для расчета'!B48 -> 0 | C76: шт | D76: ='Нормативы и РРЦ'!D30 -> 18450 | E76: =B76*D76 -> 0
A77: Базальтовая вата Rockwool Light Batts (уп. 0,3 м³) для утепления 300 мм | B77: ='Параметры для расчета'!B47 -> 0 | C77: уп. | D77: ='Нормативы и РРЦ'!D29 -> 2070 | E77: =B77*D77 -> 0
A78: Доска для подшивки свесов и наличников | B78: ='Параметры для расчета'!B50 -> 0 | C78: м³ | D78: ='Нормативы и РРЦ'!D33 -> 50000 | E78: =B78*D78 -> 0
A79: Лакокрасочные материалы для фасада и декора | B79: ='Параметры для расчета'!B51 -> #DIV/0! | C79: л | D79: ='Нормативы и РРЦ'!D34 -> 2250 | E79: =B79*D79 -> #DIV/0!
A80: Кровля ЦПЧ Braas, включая стартовые, коньковые, боковые элементы и вентиляционные черепицы | B80: ='Параметры для расчета'!B46 -> 0 | C80: м² | D80: ='Нормативы и РРЦ'!D31 -> 4850 | E80: =B80*D80 -> 0
A81: Крепеж, скотчи и расходные материалы кровли | B81: ='Параметры для расчета'!B46 -> 0 | C81: м² | D81: ='Нормативы и РРЦ'!D25 -> 650 | E81: =B81*D81 -> 0
A82: Пароизоляционная мембрана Delta Dawi 200 | B82: ='Параметры для расчета'!B49 -> 0 | C82: шт | D82: ='Нормативы и РРЦ'!D32 -> 7500 | E82: =B82*D82 -> 0
A83: Металлическая водосточная система и система снегозадержания | B83: ='Параметры для расчета'!B46 -> 0 | C83: м² | D83: ='Нормативы и РРЦ'!D26 -> 1600 | E83: =B83*D83 -> 0
A84: 6.2 Комплект окон и балконных дверей по проекту | E84: =E85 -> 0
A85: Комплект окон ПВХ Rehau Inteleo 80 мм, мультипакет | B85: =1 -> 1 | C85: компл | D85: ='Параметры для расчета'!B15*'Нормативы и РРЦ'!D35 -> 0 | E85: =B85*D85 -> 0
A86: 6.3 Остальные материалы и механизация | E86: =SUM(E87:E90) -> #DIV/0!
A87: Аренда, монтаж и демонтаж строительных лесов | B87: ='Параметры для расчета'!B32 -> #DIV/0! | C87: м² наружных стен | D87: ='Нормативы и РРЦ'!D28 -> 650 | E87: =B87*D87 -> #DIV/0!
A88: Аренда крана для сборки деревянного конструктива | B88: ='Параметры для расчета'!B56 -> 1 | C88: смена | D88: ='Нормативы и РРЦ'!D21 -> 42000 | E88: =B88*D88 -> 42000
A89: Доставка кровельных материалов | B89: ='Параметры для расчета'!B46 -> 0 | C89: м² кровли | D89: ='Нормативы и РРЦ'!D27 -> 450 | E89: =B89*D89 -> 0
A90: Организация стройплощадки: бытовка, туалет, временное ограждение, временная электрика, вывоз мусора | B90: =1 -> 1 | C90: компл | D90: ='Нормативы и РРЦ'!D36 -> 225400 | E90: =B90*D90 -> 225400
A91: 7.1 Работы по тепловому контуру | E91: =SUM(E92:E110) -> #DIV/0!
A92: Базовый монтаж стенового комплекта из клееного бруса | B92: ='Параметры для расчета'!B30 -> 0 | C92: м³ КБ | D92: ='Нормативы и РРЦ'!D70 -> 9500 | E92: =B92*D92 -> 0
A93: Утепление чаш | B93: ='Параметры для расчета'!B30 -> 0 | C93: м³ КБ | D93: ='Нормативы и РРЦ'!D71 -> 900 | E93: =B93*D93 -> 0
A94: Монтаж межвенцового утепления | B94: ='Параметры для расчета'!B30 -> 0 | C94: м³ КБ | D94: ='Нормативы и РРЦ'!D72 -> 700 | E94: =B94*D94 -> 0
A95: Протяжка бруса конструкционными саморезами для сокращения усадки | B95: ='Параметры для расчета'!B30 -> 0 | C95: м³ КБ | D95: ='Нормативы и РРЦ'!D73 -> 1600 | E95: =B95*D95 -> 0
A96: Монтаж нагелей для осевой устойчивости | B96: ='Параметры для расчета'!B30 -> 0 | C96: м³ КБ | D96: ='Нормативы и РРЦ'!D74 -> 800 | E96: =B96*D96 -> 0
A97: Антисептирование наружных стен на период монтажа | B97: ='Параметры для расчета'!B30 -> 0 | C97: м³ КБ | D97: ='Нормативы и РРЦ'!D75 -> 1100 | E97: =B97*D97 -> 0
A98: Обработка торцов составом типа Teknol JRM | B98: ='Параметры для расчета'!B30 -> 0 | C98: м³ КБ | D98: ='Нормативы и РРЦ'!D76 -> 700 | E98: =B98*D98 -> 0
A99: Монтаж усадочных домкратов | B99: ='Параметры для расчета'!B30 -> 0 | C99: м³ КБ | D99: ='Нормативы и РРЦ'!D77 -> 500 | E99: =B99*D99 -> 0
A100: Монтаж фахверковых и несущих столбов | B100: ='Параметры для расчета'!B30 -> 0 | C100: м³ КБ | D100: ='Нормативы и РРЦ'!D78 -> 1200 | E100: =B100*D100 -> 0
A101: Монтаж подкладной доски | B101: ='Параметры для расчета'!B30 -> 0 | C101: м³ КБ | D101: ='Нормативы и РРЦ'!D79 -> 500 | E101: =B101*D101 -> 0
A102: Монтаж клееной обсады на скользящих креплениях оконных и дверных проемов по вертикали | B102: ='Параметры для расчета'!B30 -> 0 | C102: м³ КБ | D102: ='Нормативы и РРЦ'!D80 -> 1500 | E102: =B102*D102 -> 0
A103: Подрезка фронтонов, оконных и дверных проемов | B103: ='Параметры для расчета'!B30 -> 0 | C103: м³ КБ | D103: ='Нормативы и РРЦ'!D81 -> 500 | E103: =B103*D103 -> 0
A104: Монтаж стропильной системы и кровельного покрытия с устройством конструктивных узлов | B104: ='Параметры для расчета'!B46 -> 0 | C104: м² | D104: ='Нормативы и РРЦ'!D24 -> 5900 | E104: =B104*D104 -> 0
A105: Транспортные расходы строительной бригады | B105: =ROUNDUP((SUM(E92:E104)+SUM(E106:E110))/'Нормативы и РРЦ'!D64,0) -> #DIV/0! | C105: месяц | D105: ='Нормативы и РРЦ'!D63 -> 35000 | E105: =B105*D105 -> #DIV/0!
...
